 Dungeon Crawl Stone Soup version 0.27-a0-78-g75406f0b48 (webtiles) character file.

Game seed: 4179574616131213683

13 gaul the Firebug (level 2, -4/16 HPs)
             Began as a Deep Elf Fire Elementalist on Jan 14, 2021.
             Slain by a worm (9 damage)
             ... on level 2 of the Dungeon.
             The game lasted 00:02:17 (907 turns).

gaul the Firebug (Deep Elf Fire Elementalist)        Turns: 907, Time: 00:02:18

Health: -4/16      AC:  2    Str:  5    XL:     2   Next: 24%
Magic:  1/8        EV: 13    Int: 19    God:
Gold:   47         SH:  0    Dex: 15    Spells: 6/7 levels left

rFire    . . .     SeeInvis .   c - +0 short sword
rCold    . . .     Faith    .   (no shield)
rNeg     . . .     Spirit   .   a - +0 robe
rPois    .         Reflect  .   (no helmet)
rElec    .         Harm     .   (no cloak)
rCorr    .         Rampage  .   (no gloves)
Will     .....                  (no boots)
Stlth    ++........             (no amulet)
HPRegen  0.05/turn              (no ring)
MPRegen  0.11/turn              (no ring)

@: no status effects
A: no striking features
a: no special abilities


You were on level 2 of the Dungeon.
You visited 1 branch of the dungeon, and saw 2 of its levels.

You collected 47 gold pieces.

Inventory:

Hand Weapons
 c - a +0 short sword (weapon)
Armour
 a - a +0 robe (worn)
Scrolls
 d - a scroll of teleportation {unknown}
Potions
 b - a potion of brilliance {unknown}
 e - a potion of might {unknown}
 f - 2 potions of curing {unknown}


   Skills:
 * Level 0.6 Fighting
 + Level 2.5 Dodging
 + Level 2.6 Stealth
 + Level 3.2 Spellcasting
 + Level 1.4 Conjurations
 + Level 3.4 Fire Magic


You had 6 spell levels left.
You knew the following spells:

 Your Spells              Type           Power        Failure   Level
a - Foxfire               Conj/Fire      48%          5%          1

Your spell library contained the following spells:

 Spells                   Type           Power        Failure   Level
 Conjure Flame            Conj/Fire      12%          17%         3
 Inner Flame              Hex/Fire       9%           22%         3
 Sticky Flame             Conj/Fire      12%          50%         4
 Fireball                 Conj/Fire      6%           83%         5


Dungeon Overview and Level Annotations

Branches:
Dungeon (2/15)

Altars:


Message History

Your foxfire dissipates!
Casting: Foxfire (safe; 5% risk of failure)
Confirm with . or Enter, or press ? or * to list all spells.
You miscast Foxfire.
You are very lightly contaminated with residual magic.
Nothing appears to happen.
Your magical contamination has completely faded away.
Casting: Foxfire (safe; 5% risk of failure)
Confirm with . or Enter, or press ? or * to list all spells.
You conjure some foxfire!
The hobgoblin misses you.
The foxfire hits the hobgoblin.
The hobgoblin is almost dead.
The foxfire hits the hobgoblin.
You kill the hobgoblin!
Casting: Foxfire (safe; 5% risk of failure)
Confirm with . or Enter, or press ? or * to list all spells.
You don't have enough magic to cast that spell.
The worm bites you!
Ouch! That really hurt!
You die...

#.# #.# ..### #..
...... #.# #...# #
#.#####...### #.
#............ #..
#.........###.. ...
#..w.......... #..
#.w@.)....#
.##...##.#####...#
............##...###..
.##.#.##.#<...........
# #.##.###..###..
#.#..# ..# .....# .<#
#..... .## #..... .#


You could see 2 worms.

Vanquished Creatures
  2 bats (D:1)
  A giant cockroach (D:1)
  A hobgoblin (D:2)
  5 goblins (D:1)
  A kobold (D:1)
  2 rats (D:1)
12 creatures vanquished.

Vanquished Creatures (others)
  46 foxfires
46 creatures vanquished.

Grand Total: 58 creatures vanquished

Notes
Turn   | Place    | Note
-------+----------+-------------------------------------------
     0 | D:1      | gaul the Deep Elf Fire Elementalist began the quest for the
                  | Orb.
     0 | D:1      | Reached XP level 1. HP: 10/10 MP: 6/6
   466 | D:1      | Reached XP level 2. HP: 16/16 MP: 5/8
   907 | D:2      | Slain by a worm

Illustrated notes

Levels and vault maps discovered:
D:1:      dpeg_arrival_refuge, layout_loops_ring, minmay_misc_feat_enclosed
D:2:      layout_basic, old_standard_altar, kennysheep_donut,
          minmay_stone_trees_medium

Action                   || total
-------------------------++-------
 Cast: Foxfire           ||    31
Armor: Robe              ||     1
Dodge: Dodged            ||     6

Table legend: (Time is in decaauts)
 A = Elapsed time spent in this place.
 B = Non-inter-level travel time spent in this place.
 C = Inter-level travel time spent in this place.
 D = Time resting spent in this place.
 E = Time spent auto-exploring this place.
 F = Levels seen in this place.
 G = Mean time per level.
                   A        B        C        D        E       F      G
               +--------+--------+--------+--------+--------+-----+--------+
         Total |    906 |    899 |      7 |    108 |    623 |   2 |  453.0 |
       Dungeon |    906 |    899 |      7 |    108 |    623 |   2 |  453.0 |
               +--------+--------+--------+--------+--------+-----+--------+

Top non-repeatable levels by time:
     D:1: 831 daAuts
     D:2: 74 daAuts
